AoeStats
← 大汉天子·玄德·GOOD

Arabian Desert

509603722Analyzed
1v1 RM · 3d ago on Sep 27, 2026· 44m 6s· 2 players
Game mode
Random Map
Map size
Tiny (2 player)
Population
200
Speed
Normal
Resources
Standard
Victory
Conquest
Starting age
Dark Age
Ending age
Imperial Age
RankedLock teamsTeams togetherTeam positionsShared explorationLock speedFull tech treeHidden civsTurbo modeCheats
Victory
Defeat
🇬🇧 Varangians · United Kingdom
1329
+15
🇪🇸 Malians · Spain
1313
-15
marving18r
6:38 Loom
9:41 Feudal Age
10:13 Double-Bit Axe
14:24 Fletching
17:24 Scale Mail Armor
18:14 Wheelbarrow
22:24 Castle Age
20:34 Horse Collar
21:23 Bloodlines
21:33 Scale Barding Armor
23:50 Bow Saw
28:31 Husbandry
28:58 Chain Barding Armor
30:51 Forging
33:16 Iron Casting
37:42 Imperial Age
35:47 Hand Cart
39:44 Chemistry
38:28 Cavalier
40:01 Bodkin Arrow
42:39 Murder Holes
大汉天子·玄德·GOOD
6:11 Loom
8:37 Feudal Age
9:34 Double-Bit Axe
13:47 Horse Collar
16:58 Bloodlines
17:21 Forging
17:23 Scale Barding Armor
20:33 Forging
20:51 Gold Mining
25:02 Castle Age
26:06 Chain Barding Armor
26:03 Bow Saw
25:55 Heavy Plow
27:05 Wheelbarrow
28:12 Iron Casting
32:22 Stone Mining
32:41 Scale Mail Armor
34:07 Husbandry
35:04 Chain Mail Armor
34:50 Fletching
40:26 Imperial Age
40:13 Bodkin Arrow
40:31 Gambesons
40:46 Squires
42:16 Plate Mail Armor
42:20 Elite Varangian Guard
43:25 Capped Ram
45:06 Conscription
Connection lost

Rejoining the realm…

Still unreachable

The connection could not be restored.

Session expired

The server has moved on; the page needs a fresh start.